[Event "FIDE World Cadets GU12 2022"]
[Site "Batumi"]
[Date "2022.09.27"]
[Round "11.20"]
[White "Gan, Emily Cathay"]
[Black "Belaya, Liliya"]
[Result "0-1"]
[ECO "A28"]
[WhiteElo "1550"]
[BlackElo "1266"]
[Annotator "NA RC COMBH"]
[PlyCount "72"]
[EventDate "2022.09.16"]
[EventType "swiss"]
[EventCountry "GEO"]
[SourceTitle "playchess.com"]
[Source "ChessBase"]
[SourceQuality "1"]
[TimeControl "5400+30"]

1. c4 e5 2. Nc3 Nf6 3. d3 Bb4 4. Bd2 O-O 5. Nf3 Nc6 6. g3 Nd4 7. Bg2 Re8 8. O-O d6 9. a3 Ba5 10. b4 Bb6 11. e3 Nxf3+ 12. Bxf3 Bh3 13. Bg2 Bxg2 14. Kxg2 c6 15. Ne2 d5 16. c5 Bc7 17. d4 e4 18. Nc3 a6 19. a4 Qd7 20. Qe2 h6 21. b5 Nh7 22. h4 Re6 23. bxa6 bxa6 24. f4 exf3+ 25. Rxf3 Rb8 26. Qxa6 Rb2 27. Ra2 Rxa2 28. Nxa2 Nf6 29. Nc3 Nh5 30. Be1 Rg6 31. Qe2 Qg4 32. Rf1 Qxh4 33. Qf3 Nxg3 34. Qxf7+ Kh7 35. Qxc7 Ne4+ 36. Bg3 Rxg3+ 0-1